 Dungeon Crawl Stone Soup version 0.25-a0-21-ga5a8db46c7 (webtiles) character file.

Game seed: 8454887094865014327, levelgen mode: deterministic

100 MalarOregon the Conjurer (level 4, -3/37 HPs)
             Began as a Draconian Conjurer on Oct 16, 2019.
             Killed by divine providence
             ... invoked by an orc priest
              (10 damage)
             ... on level 3 of the Dungeon.
             The game lasted 00:04:15 (1958 turns).

MalarOregon the Conjurer (Draconian Conjurer)       Turns: 1958, Time: 00:04:16

Health: -3/37      AC:  7    Str: 10    XL:     4   Next: 47%
Magic:  0/7        EV: 13    Int: 17    God:
Gold:   186        SH:  0    Dex: 11    Spells: 6/7 levels left

rFire    . . .     SeeInvis .   i - +1 whip
rCold    . . .     Gourm    .   (no shield)
rNeg     . . .     Faith    .   (armour unavailable)
rPois    .         Spirit   .   (helmet restricted)
rElec    .         Reflect  .   d - +0 cloak
rCorr    .         Harm     .   (no gloves)
MR       .....                  h - +0 pair of boots
Stlth    ++........             (no amulet)
HPRegen  0.12/turn              r - ring of attention
MPRegen  0.10/turn              k - ring of stealth

@: very slightly contaminated, invisible
A: unfitting armour, cold-blooded, AC +5
a: no special abilities


You were on level 3 of the Dungeon.
You were not hungry.

You visited 1 branch of the dungeon, and saw 3 of its levels.

You collected 186 gold pieces.

Inventory:

Hand Weapons
 i - a +1 whip (weapon)
   (You found it on level 1 of the Dungeon)
Missiles
 a - 147 stones (quivered)
Armour
 d - a +0 cloak (worn)
   (You found it on level 1 of the Dungeon)
 h - a +0 pair of boots (worn)
   (You found it on level 2 of the Dungeon)
Jewellery
 k - a ring of stealth (right hand)
   (You found it on level 1 of the Dungeon)
 m - an uncursed ring of flight
   (You found it on level 1 of the Dungeon)
 r - a ring of attention (left hand)
   (You found it on level 2 of the Dungeon)
Scrolls
 g - a scroll of teleportation {@r4}
 j - a scroll of fog
 p - a scroll of enchant weapon
Potions
 b - a potion of brilliance {unknown}
 f - a potion of agility {unknown}
 n - a potion of magic {unknown}
 o - a potion of degeneration {unknown}
 u - a potion of ambrosia {unknown}
Comestibles
 c - 3 chunks of flesh
 e - 10 rations {!d}


   Skills:
 + Level 2.4 Fighting
 + Level 2.0 Throwing
 + Level 2.8 Dodging
 - Level 1.7 Stealth
 - Level 2.0 Spellcasting
 - Level 4.0 Conjurations


You had 6 spell levels left.
You knew the following spells:

 Your Spells              Type           Power        Failure   Level  Hunger
a - Magic Dart            Conj           ###.         3%          1    #......

Your spell library contained the following spells:

 Spells                   Type           Power        Failure   Level  Hunger
 Searing Ray              Conj           ###...       5%          2    ###....
 Dazzling Spray           Conj/Hex       #.....       26%         3    ###....
 Iskenderun's Mystic Bla  Conj           ###.....     36%         4    #####..
 Force Lance              Conj/Tloc      #.......     63%         4    #####..
 Fulminant Prism          Conj/Hex       #.........   63%         4    #####..


Dungeon Overview and Level Annotations

Branches:
Dungeon (3/15)

Altars:
Sif Muna


Innate Abilities, Weirdness & Mutations

Your plain brown scales are hard. (AC +5)
You cannot fit into any form of body armour.
You are cold-blooded and may be slowed by cold attacks.


Message History

Things that are here:
a +0 falchion; 4 boomerangs; an orc skeleton
Things that are here:
a +0 falchion; 4 boomerangs; an orc skeleton
a - 147 stones (gained 23)
The orc priest is too close now for your liking.
An orc priest is nearby!
An orc priest is nearby!
Aim: an orc priest, wielding a +0 dagger and wearing a +0 leather armour (hasn't noticed you)
The magic dart hits the orc priest but does no damage.
The orc priest shouts!
The orc priest looks satisfied for a moment.
Aim: an orc priest, wielding a +0 dagger and wearing a +0 leather armour The magic dart hits the orc priest but does no damage.
Aim: an orc priest, wielding a +0 dagger and wearing a +0 leather armour The magic dart hits the orc priest.
The orc priest mumbles some strange prayers to Beogh against you.
You barely resist.
Aim: an orc priest, wielding a +0 dagger and wearing a +0 leather armour (moderately wounded)
The magic dart hits the orc priest but does no damage.
Aim: an orc priest, wielding a +0 dagger and wearing a +0 leather armour (moderately wounded)
The magic dart hits the orc priest but does no damage.
Aim: an orc priest, wielding a +0 dagger and wearing a +0 leather armour (moderately wounded)
The magic dart hits the orc priest.
The orc priest hits you but does no damage.
Aim: an orc priest, wielding a +0 dagger and wearing a +0 leather armour (moderately wounded)
The magic dart hits the orc priest.
The orc priest calls down the wrath of Beogh upon you.
Pain shoots through your body!
You closely miss the orc priest.
The orc priest hits you with a +0 dagger.
You hit the orc priest but do no damage.
The orc priest mumbles some strange prayers to Beogh against you.
Beogh smites you!
* * * LOW HITPOINT WARNING * * *
Aim: an orc priest, wielding a +0 dagger and wearing a +0 leather armour (heavily wounded)
The magic dart hits the orc priest but does no damage.
The orc priest invokes the aid of Beogh against you.
Beogh smites you!
* * * LOW HITPOINT WARNING * * *
It was a potion of curing.
You feel better.
The orc priest hits you but does no damage.
It was a potion of invisibility.
You fade into invisibility!
The orc priest looks braver for a moment.
You are very lightly contaminated with residual magic.
You barely miss the orc priest.
The orc priest calls down the wrath of Beogh upon you.
Beogh smites you!
You die...

**** #.....#........#* #.#)#
#....##.)...#### #...#
#........#....## #...#
#.....#.##.##..## ##...
####.....#....###..#####....
**####...........######..........
*,............##.####....####....
*,............##o#....##.#.....#.
*,.......)÷.....@..#####.......#.
*,.......#.##.....########.....#.
*,......##÷##.........# #.[...#.
*,.....##.§§##........# #.....#.
*,...<.#§§§§§#........# #.....#.
*,....,#§8§8§#........# *,,...**
*,...,,###+############ *,,,,,*
*,...,>**,,,* *,,,,,*
*********,,,* *******


You could see an orc priest.

Vanquished Creatures
  An orc wizard (D:3)
  2 adders (D:2)
  2 worms (D:2)
  2 leopard geckos (D:2)
  3 orcs (D:3)
  7 bats
  3 giant cockroaches
  5 goblins
  2 hobgoblins
  4 jackals (D:2)
  A ball python (D:1)
  2 frilled lizards (D:1)
  6 kobolds
  4 rats
44 creatures vanquished.

Vanquished Creatures (others)
  An orc wizard (D:3)
1 creature vanquished.

Grand Total: 45 creatures vanquished

Notes
Turn   | Place    | Note
-------+----------+-------------------------------------------
     0 | D:1      | MalarOregon the Draconian Conjurer began the quest for the
                  | Orb.
     0 | D:1      | Reached XP level 1. HP: 14/14 MP: 3/3
   306 | D:1      | Reached XP level 2. HP: 22/22 MP: 1/5
   336 | D:1      | Reached skill level 1 in Fighting
   550 | D:1      | Reached skill level 1 in Throwing
   716 | D:2      | Noticed a phantom
   948 | D:2      | Reached XP level 3. HP: 28/28 MP: 1/6
  1559 | D:3      | Found a shimmering blue altar of Sif Muna.
  1706 | D:3      | Reached XP level 4. HP: 23/36 MP: 4/7
  1958 | D:3      | Killed from afar by an orc priest

Levels and vault maps discovered:
D:1:      minmay_arrival_shattered_statue, layout_rooms, minmay_heptomino_d4
D:2:      layout_basic
D:3:      layout_rooms, led_sif_book, minmay_misc_feat_roman,
          cheibrodos_gnoll_hut

Skill      XL: |  1  2  3  4 |
---------------+-------------+-----
Dodging        | 2 |  2.8
Fighting       | 1 2 |  2.4
Throwing       | 1 2 |  2.0
Stealth        | |  1.7
Spellcasting   | |  2.0
Conjurations   | |  4.0

Action                   |  1- 3 |  4- 6 || total
-------------------------+-------+-------++-------
Melee: Unarmed           |     5 |       ||     5
       Whip              |    82 |     3 ||    85
       Tailslap          |     9 |       ||     9
Throw: Stone             |    17 |       ||    17
 Cast: Magic Dart        |    58 |    19 ||    77
  Use: Scroll            |     6 |       ||     6
       Potion            |       |     2 ||     2
 Stab: Sleeping          |     4 |       ||     4
  Eat: Chunk             |     3 |     2 ||     5
Armor: Skin              |    51 |     3 ||    54
Dodge: Dodged            |    99 |     8 ||   107

Table legend:
 A = Non-vault XP
 B = Vault XP
 C = Vault XP percentage of total XP
 D = Non-vault monster count
 E = Vault monster count
 F = Vault count percentage of total count
                 A         B        C        D         E       F
            +---------+---------+-------+---------+---------+-------
      Total |     141 |       3 |   2.1 |      41 |       3 |   6.8
            +---------+---------+-------+---------+---------+-------
        D:1 |      18 |       3 |  14.3 |      12 |       3 |  20.0
        D:2 |      57 |       0 |   0.0 |      15 |       0 |   0.0
        D:3 |      66 |       0 |   0.0 |      14 |       0 |   0.0
            +---------+---------+-------+---------+---------+-------
